 Dungeon Crawl Stone Soup version 0.27.1-34-g3ba077fa99 (webtiles) character file.

Game seed: 9002694856228240822

228 tex the Covered (level 6, -7/43 HPs)
             Began as a Human Fighter on Jan 2, 2022.
             Killed by divine providence
             ... invoked by an orc priest
              (11 damage)
             ... on level 4 of the Dungeon on Jan 8, 2022.
             The game lasted 00:25:26 (4372 turns).

tex the Covered (Human Fighter)                     Turns: 4372, Time: 00:25:27

Health: -7/43      AC:  9    Str: 18      XL:     6   Next: 23%
Magic:  6/6        EV:  7    Int:  9      God:
Gold:   74         SH:  9    Dex: 10 (12) Spells: 5/5 levels left

rFire    . . .     SeeInvis .   n - +3 short sword (venom)
rCold    . . .     Faith    .   c - +0 kite shield
rNeg     . . .     Spirit   .   b - +0 scale mail
rPois    .         Reflect  .   (no helmet)
rElec    .         Harm     .   (no cloak)
rCorr    .         Rampage  .   t - +0 pair of gloves
Will     .....                  q - +0 pair of boots
Stlth    ..........             (no amulet)
HPRegen  0.14/turn              (no ring)
MPRegen  0.10/turn              (no ring)

@: no status effects
A: hooves 1, frail 1
a: no special abilities


You were on level 4 of the Dungeon.
You visited 1 branch of the dungeon, and saw 4 of its levels.

You collected 74 gold pieces.

Inventory:

Hand Weapons
 a - a +1 flail
 i - a +0 club
 n - a +3 short sword of venom (weapon)
Missiles
 p - 50 arrows
 u - 3 boomerangs
 w - 10 javelins (quivered)
Armour
 b - a +0 scale mail (worn)
 c - a +0 kite shield (worn)
 h - a +0 scale mail
 q - a +0 pair of boots (worn)
 t - a +0 pair of gloves (worn)
Magical Staves
 r - a staff of earth
Scrolls
 f - a scroll of fear
 j - 2 scrolls of holy word
 m - a scroll of vulnerability
 s - a scroll of amnesia
Potions
 d - a potion of might
 e - a potion of heal wounds {unknown}
 k - a potion of ambrosia {unknown}
 o - 2 potions of flight {unknown}


   Skills:
 - Level 3.7 Fighting
 * Level 3.3 Short Blades
 - Level 2.4 Maces & Flails
 * Level 0.9 Throwing
 + Level 3.9 Armour
 + Level 0.1 Dodging
 + Level 0.3 Stealth
 + Level 3.5 Shields


You had 5 spell levels left.
You didn't know any spells.
Your spell library was empty.

Dungeon Overview and Level Annotations

Branches:
Dungeon (4/15)
 Temple: D:4-7

Altars:


Innate Abilities, Weirdness & Mutations

You have large cloven feet.
You are frail. (-10% HP)


Message History

You barely miss the orc priest. The orc closely misses you.
You barely miss the orc. The orc closely misses you.
Your scale mail prevents you from hitting the orc.
You block the orc's attack. The orc hits you with a +0 flail.
The orc priest invokes the aid of Beogh against you.
Beogh smites you! The orc barely misses you.
You closely miss the orc. The orc hits you with a +0 flail.
The orc barely misses you.
You hit the orc.
The orc is poisoned.
The orc is severely wounded.
You kill the orc!
You block the orc's attack. The orc priest hits you with a +0 club.
The orc priest calls down the wrath of Beogh upon you.
Beogh smites you!
* * * LOW HITPOINT WARNING * * *
You closely miss the orc.
The orc priest calls down the wrath of Beogh upon you.
Pain shoots through your body!
* * * LOW HITPOINT WARNING * * *
You barely miss the orc. You block the orc's attack.
You block the orc priest's attack.
You closely miss the orc. The orc hits you but does no damage.
The orc priest hits you but does no damage.
You hit the orc.
The orc is poisoned.
The orc is heavily wounded.
The orc hits you but does no damage.
The orc priest hits you with a +0 short sword.
* * * LOW HITPOINT WARNING * * *
You block the orc's attack.
The orc priest looks encouraged for a moment.
You kill the orc!
The orc priest invokes the aid of Beogh against you.
Pain shoots through your body!
* * * LOW HITPOINT WARNING * * *
The orc priest looks braver for a moment.
There are monsters nearby!
The orc priest calls down the wrath of Beogh upon you.
Beogh smites you!
You die...

#### #.# #o.# #..########.##
##o## ##.......##...## #..#
##.#..##........#####..####
#.......##..###.....).....##
#..........o# ##...........#
#..........## #.............#
#..........# #..............
##.......o.# #@.............
#.........## ##..............
#.#.......# #.........).....
##.......o####...............
#.#######...##..............
##.# ##...o..............
#.## ##..##.............
##.## ##..###.#+###+ ##.##
#..## ##


You could see an orc priest.

Vanquished Creatures
  A hound (D:3)
  An orc priest (D:3)
  An iguana (D:4)
  5 adders
  An adder skeleton (D:2)
  3 dart slugs
  5 orcs
  8 ball pythons
  4 endoplasms
  4 giant cockroaches
  9 goblins
  7 hobgoblins
  6 jackals (D:1)
  9 kobolds
  4 quokkas
  5 bats
  4 frilled lizards
  9 rats
86 creatures vanquished.

Notes
Turn   | Place    | Note
-------+----------+-------------------------------------------
     0 | D:1      | tex the Human Fighter began the quest for the Orb.
     0 | D:1      | Reached XP level 1. HP: 18/18 MP: 1/1
    54 | D:1      | Reached XP level 2. HP: 16/24 MP: 2/2
   277 | D:1      | Reached XP level 3. HP: 25/29 MP: 3/3
  1483 | D:2      | Reached XP level 4. HP: 37/37 MP: 4/4
  1972 | D:2      | Reached skill level 1 in Short Blades
  2137 | D:2      | Gained mutation: You are frail. (-10% HP) [potion of
                  | mutation]
  2137 | D:2      | Gained mutation: You have large cloven feet. [potion of
                  | mutation]
  2652 | D:3      | Reached XP level 5. HP: 37/37 MP: 5/5
  3959 | D:4      | Reached XP level 6. HP: 18/43 MP: 6/6
  4352 | D:4      | HP: 2/43 [orc priest/nerve-wracking pain (6)]
  4372 | D:4      | Killed from afar by an orc priest

Illustrated notes

Levels and vault maps discovered:
D:1:      matt_arrival_spirals, layout_basic
D:2:      minmay_chambers_of_ones, layout_loops_ring, glass_columns_c,
          hangedman_decor_growths
D:3:      layout_basic, kennysheep_decorative_pillar, kennysheep_generic_room_11
D:4:      layout_layer_cave, fedhas_altar_1,
          mainiacjoe_overflow_six_doors_small, kennysheep_generic_room_3,
          uniq_crazy_yiuf_cottage

Skill      XL: |  1  2  3  4  5 |
---------------+----------------+-----
Short Blades   | 1 3 |  3.3
Fighting       | |  3.7
Maces & Flails | |  2.4
Throwing       | |  0.9
Armour         | |  3.9
Dodging        | |  0.1
Stealth        | |  0.3
Shields        | |  3.5

Action                   |  1- 3 |  4- 6 || total
-------------------------+-------+-------++-------
Melee: Flail             |    50 |       ||    50
       Short sword       |    32 |   140 ||   172
Throw: Javelin           |       |     1 ||     1
  Use: Scroll            |     5 |     6 ||    11
       Potion            |     2 |     5 ||     7
Armor: Scale mail        |    28 |    50 ||    78
       Skin              |     2 |       ||     2
Dodge: Dodged            |    36 |    50 ||    86
Block: Kite shield       |    39 |    69 ||   108
